 Dungeon Crawl Stone Soup version 0.25-a0-292-gaa31f046c4 (webtiles) character file.

Game seed: 16039430077321385784, levelgen mode: deterministic

3 Gwanngwann the Grave Robber (level 1, 0/13 (14) HPs)
             Began as a Ghoul Necromancer on Dec 15, 2019.
             Slain by a goblin (2 damage)
             ... on level 1 of the Dungeon.
             The game lasted 00:01:26 (354 turns).

Gwanngwann the Grave Robber (Ghoul Necromancer)      Turns: 354, Time: 00:01:28

HP:   0/13 (14)     AC:  3    Str: 11    XL:     1   Next: 50%
MP:   2/2           EV: 12    Int: 10    God:
Gold: 0             SH:  0    Dex:  9    Spells: 2/3 levels left

rFire    . . .     SeeInvis .   (no weapon)
rCold    + . .     Gourm    .   (no shield)
rNeg     + + +     Faith    .   a - +0 robe
rPois    ∞         Spirit   .   (no helmet)
rElec    .         Reflect  .   (no cloak)
rCorr    .         Harm     .   d - +0 pair of gloves
MR       .....                  (no boots)
Stlth    ++........             (no amulet)
HPRegen  0.00/turn              (no ring)
MPRegen  0.08/turn              (no ring)

@: rotting
A: rotting body, claws 1, carnivore, cold resistance 1, negative energy
resistance 3, inhibited regeneration, torment resistance, unbreathing
a: no special abilities


You were on level 1 of the Dungeon.
You were not hungry.

You visited 1 branch of the dungeon, and saw 1 of its levels.

Inventory:

Hand Weapons
 b - a +0 whip
Armour
 a - a +0 robe (worn)
 d - a +0 pair of gloves (worn)
Scrolls
 e - a scroll of teleportation {unknown}
Comestibles
 c - a ration


   Skills:
 + Level 1.8 Dodging
 + Level 2.2 Stealth
 + Level 1.7 Spellcasting
 + Level 4.1 Necromancy


You had 2 spell levels left.
You knew the following spells:

 Your Spells              Type           Power        Failure   Level  Hunger
a - Pain                  Necr           #...         6%          1    ##.....

Your spell library contained the following spells:

 Spells                   Type           Power        Failure   Level  Hunger
 Animate Skeleton         Necr           N/A          6%          1    ##.....
 Vampiric Draining        Necr           #.........   19%         3    ####...
 Regeneration             Chrm/Necr      #.........   38%         3    ####...
 Animate Dead             Necr           N/A          52%         4    #####..


Dungeon Overview and Level Annotations

Branches:
Dungeon (1/15)

Altars:


Innate Abilities, Weirdness & Mutations

Your body is rotting away.
You thrive on raw meat.
You are immune to poison.
You have sharp fingernails.
You are carnivorous and can eat meat at any time.
Your flesh is cold resistant. (rC+)
You are immune to negative energy. (rN+++)
You do not regenerate when monsters are visible.
You are immune to unholy pain and torment.
You can survive without breathing.


Message History

The goblin barely misses you. The hobgoblin misses you.
You are too injured to fight recklessly!
You are too injured to fight recklessly!
You are too injured to fight recklessly!
You are too injured to fight recklessly!
You are too injured to fight recklessly!
You are too injured to fight recklessly!
You hit the hobgoblin but do no damage.
The hobgoblin is almost dead.
The rat barely misses you.
The hobgoblin hits you but does no damage.
The goblin hits you but does no damage. The hobgoblin barely misses you.
You hit the hobgoblin but do no damage.
The hobgoblin is almost dead.
The rat bites you. The hobgoblin hits you with a +0 club.
* * * LOW HITPOINT WARNING * * *
The hobgoblin hits you.
* * * LOW HITPOINT WARNING * * *
The goblin hits you.
You die...

.............#
#.........[.#
..?.........
.?......... ..#.
........# #...
#w....... #..###
#####rggg#
#....####.....@#.. ##
#.........>..gg..#
#≈##.#.####.......#.#
#≈##..............# #
≈≈≈#.....÷...#....#
≈≈≈#........##......
≈≈≈##.......#........
≈≈≈#.≈...........≈#..
≈≈≈.≈≈≈.≈≈≈≈≈≈≈≈≈..


You could see a dart slug, 3 hobgoblins, 2 goblins and a rat.

Vanquished Creatures
  A kobold (D:1)
  A bat (D:1)
  2 rats (D:1)
4 creatures vanquished.

Notes
Turn   | Place    | Note
-------+----------+-------------------------------------------
     0 | D:1      | Gwanngwann the Ghoul Necromancer began the quest for the
                  | Orb.
     0 | D:1      | Reached XP level 1. HP: 14/14 MP: 2/2
   354 | D:1      | Slain by a goblin

Levels and vault maps discovered:
D:1:      wander_arrival_lonely_grave, layout_rooms, serial_glass,
          glass_columns_c, glass_columns_a, glass_columns_a, glass_columns_a,
          glass_columns_a, chequers_serial_rivers_large_a

Action                   || total
-------------------------++-------
Melee: Unarmed           ||    29
 Cast: Pain              ||     2
  Eat: Chunk             ||     1
Armor: Robe              ||    10
Dodge: Dodged            ||    26

Table legend:
 A = Non-vault XP
 B = Vault XP
 C = Vault XP percentage of total XP
 D = Non-vault monster count
 E = Vault monster count
 F = Vault count percentage of total count
                 A         B        C        D         E       F
            +---------+---------+-------+---------+---------+-------
      Total |       5 |       0 |   0.0 |       4 |       0 |   0.0
            +---------+---------+-------+---------+---------+-------
        D:1 |       5 |       0 |   0.0 |       4 |       0 |   0.0
            +---------+---------+-------+---------+---------+-------
